 Dungeon Crawl Stone Soup version 0.18-a0-1405-g73f4075 (webtiles) character file.

30729 dorian the Unseen (level 13, -2/52 HPs)
             Began as a Vine Stalker Assassin on Feb 22, 2016.
             Was the Champion of Pakellas.
             Slain by Snorg (6 damage)
             ... on level 6 of the Lair of Beasts on Feb 24, 2016.
             The game lasted 00:54:10 (12920 turns).

dorian the Unseen (Vine Stalker Assassin)          Turns: 12920, Time: 00:54:12

Health: -2/52      AC: 12    Str: 24    XL:     13   Next: 53%
Magic:  0/31       EV: 11    Int: 12    God:    Pakellas [******]
Gold:   847        SH:  0    Dex: 20    Spells: 0 memorised, 12 levels left

rFire  . . .     SeeInvis .     B - +10 lightning rod (0/18)
rCold  . . .     Gourm    .     O - +1 leather armour {rPois}
rNeg   . . .     Faith    .     (no shield)
rPois  +         Spirit   +     I - +0 helmet
rElec  .         Dismiss  .     d - +0 cloak
rCorr  .         Reflect  .     V - +2 pair of gloves {archery}
SustAt .         Harm     .     a - +2 pair of boots
MR     +....                    (no amulet)
Stlth  +++++++...               C - ring of Hiaqam {*Corrode +Fly rPois Str+8 Slay+6}
                                o - ring of magical power

@: somewhat resistant to hostile enchantments, extremely stealthy
A: fangs 3, hooves 1, camouflage 1, frail 1, regeneration 3, strong 1, magic
shield, antimagic bite, no device heal 3, rot immunity
a: Quick Charge, Device Surge, Renounce Religion, Evoke Flight


You were on level 6 of the Lair of Beasts.
You worshipped Pakellas.
Pakellas was exalted by your worship.
You were hungry.

You visited 2 branches of the dungeon, and saw 14 of its levels.
You also visited: Labyrinth.

You collected 941 gold pieces.
You spent 94 gold pieces at shops.

Inventory:

Hand Weapons
 b - a +0 blowgun
 t - a +5 dagger
Missiles
 e - 12 poisoned needles
 Y - 2 curare-tipped needles
Armour
 a - a +2 pair of boots (worn)
 d - a +0 cloak (worn)
 I - a +0 helmet (worn)
 O - a +1 leather armour of poison resistance (worn)
 V - a +2 pair of gloves of archery (worn)
Rods
 B - a +10 lightning rod (0/18) (weapon)
   (Pakellas gifted it to you on level 6 of the Dungeon)
Jewellery
 f - a +2 ring of strength {unknown}
 m - an uncursed ring of fire
 o - a ring of magical power (left hand)
 p - an uncursed ring of protection from fire {unknown}
 C - the ring of Hiaqam (right hand) {*Corrode +Fly rPois Str+8 Slay+6}
   (You found it on level 5 of the Dungeon)

   [ring of slaying]

   It affects your strength (+8).
   It affects your accuracy and damage with ranged weapons and melee attacks
   (+6).
   It protects you from poison.
   It lets you fly.
   It may corrode your equipment when you take damage.
 N - an uncursed ring of poison resistance
Wands
 j - a wand of lightning (14/15)
 n - a wand of enslavement (12/24)
 v - a wand of iceblast (7/15)
 D - a wand of iceblast (2/15)
 U - a wand of iceblast (3/15)
 W - a wand of confusion (24/48)
 X - a wand of hasting (7/9)
Scrolls
 c - a scroll of torment
 k - 9 scrolls of remove curse
 l - 3 scrolls of enchant armour
 r - 3 scrolls of recharging
 u - 2 scrolls of enchant weapon
 E - 4 scrolls of immolation
 J - 2 scrolls of magic mapping
 Q - 4 scrolls of identify
 T - a scroll of amnesia
 Z - a scroll of teleportation
Potions
 i - 8 potions of curing
 s - 3 potions of mutation
 w - 2 potions of resistance
 x - a potion of berserk rage
 z - 7 potions of brilliance
 A - 3 potions of haste
 G - a potion of agility {unknown}
 H - 7 potions of magic
 K - a potion of flight {unknown}
 M - a potion of might {unknown}
Books
 h - a book of Death

   Spells                             Type                      Level
   a - Corpse Rot                     Necromancy                   2
   b - Sublimation of Blood           Necromancy                   2
   c - Agony                          Necromancy                   5
   d - Dispel Undead                  Necromancy                   5
   e - Excruciating Wounds            Charms/Necromancy            5
   f - Bolt of Draining               Conjuration/Necromancy       5
 y - a book of Cantrips

   Spells                             Type                      Level
   a - Corona                         Hexes                        1
   b - Animate Skeleton               Necromancy                   1
   c - Summon Small Mammal            Summoning                    1
   d - Apportation                    Translocation                1
Miscellaneous
 F - a disc of storms
Comestibles
 g - 7 bread rations
 q - 7 meat rations
 P - 10 royal jellies
 R - 5 fruits


   Skills:
 - Level 1.7 Fighting
 + Level 13.1 Short Blades
 - Level 1.7 Throwing
 - Level 0.7 Dodging
 - Level 15.0 Stealth
 + Level 11.9 Evocations


You had 12 spell levels left.
You didn't know any spells.

Dungeon Overview and Level Annotations

Branches:
Dungeon (8/15)             Temple (0/1) D:4            Lair (6/8) D:8
  Swamp (0/4) Lair:3        Snake (0/4) Lair:5
  Slime: Lair:6-8

Altars:
Ashenzari
Dithmenos
Kikubaaqudgha
Nemelex Xobeh
Pakellas
Ru
Sif Muna
Trog
Xom
Yredelemnul
The Shining One

Shops:
D:4 [   D:6 }   D:8 %

Annotations:
D:7 exclusion: oklob plant
Lair:6 Snorg


Innate Abilities, Weirdness & Mutations

You have razor-sharp teeth.
You regenerate.
When hurt, damage is shared between your health and your magic reserves.
Your bite disrupts and absorbs the magic of your enemies.
Potions and wands cannot restore your health.
You are immune to rotting.
You have large cloven feet.
Your skin changes colour to match your surroundings (Stealth).
You are frail (-10% HP).
Your muscles are strong. (Str +2)


Message History

Snorg bites you! Snorg claws you. x2
* * * LOW HITPOINT WARNING * * *
Evoke which item? (* to show all) (? for menu, Esc to quit)
Aiming: Thunderbolt
Press: ? - help, Shift-Dir - straight line, f - Snorg
Aim: Snorg (severely wounded)
The lightning hits Snorg.
Snorg is severely wounded.
The lightning hits the five-headed hydra.
The five-headed hydra is almost dead.
The five-headed hydra misses you.
The five-headed hydra barely misses you.
The five-headed hydra bites you!
* * * LOW HITPOINT WARNING * * *
The five-headed hydra bites you but does no damage.
The five-headed hydra bites you!
* * * LOW HITPOINT WARNING * * *
Snorg bites you!
You die...
Pakellas says: Time to find a new assistant...

### ..###P.##
P...##...##### ##
##P........... ..#
#............#P.#
###...............# ###
#.P...............#
#.####P..#......†.>....#
...##...........@T......#
...##...#........D......#
"..).#.#.###...........##
.......### ##............
.......## #............#
........####..........P.#
..#......#.#........#.###
#.####.#...........####
### ##..#........###


You could see Snorg and a five-headed hydra.

Vanquished Creatures
  Nessos (Lair:5)
  A minotaur (Lab)
  Josephine (Lair:4)
  The ghost of Mygna the Spear-Bearer, a journeyman DsGl of Pakellas (Lair:2)
  3 hydras
  A queen ant (Lair:1)
  A griffon (Lair:6)
  12 elephants
  4 black mambas
  4 spiny frogs
  4 komodo dragons
  A troll (D:4)
  8 blink frogs
  5 wraiths (Lair:4)
  27 yaks
  5 humans (D:6)
  2 hippogriffs
  3 swamp worms (Lair:3)
  5 wolves (Lair:6)
  4 nagas (Lair:5)
  5 soldier ants (Lair:1)
  9 water moccasins
  10 porcupines
  2 orc warriors (D:8)
  2 ice beasts
  A black bear (D:6)
  A sky beast (D:5)
  A phantom (D:5)
  A centaur (D:6)
  4 ogres
  6 crocodiles
  2 gnoll sergeants
  14 giant frogs
  4 scorpions
  4 wights (D:7)
  An electric eel (Lair:3)
  5 crimson imps
  A quasit (D:7)
  13 jellies
  5 orc priests
  3 gnoll shamans (D:6)
  5 hounds
  10 orc wizards
  Ijyb (D:2)
  7 iguanas
  Terence (D:2)
  11 worker ants
  12 sheep
  A hound zombie (D:7)
  A worker ant zombie (D:7)
  Robin (D:2)
  48 gnolls
  6 adders
  27 river rats
  A shadow imp (D:5)
  14 oozes
  An adder zombie (D:8)
  An adder skeleton (D:5)
  4 worms
  5 dart slugs
  2 giant geckos
  38 orcs
  4 ball pythons
  11 bats
  7 giant cockroaches
  17 goblins
  7 hobgoblins
  22 jackals
  4 kobolds
  6 quokkas
  A giant cockroach zombie (D:5)
  A giant gecko zombie (D:7)
  3 giant newts
  11 rats
  2 butterflies (D:6)
  A plant (Lair:4)
481 creatures vanquished.

Vanquished Creatures (others)
  16 fungi
  2 plants
18 creatures vanquished.

Grand Total: 499 creatures vanquished

Notes
Turn   | Place    | Note
--------------------------------------------------------------
     0 | D:1      | dorian the Vine Stalker Assassin began the quest for the Orb.
     0 | D:1      | Reached XP level 1. HP: 11/11 MP: 2/2
   106 | D:1      | Reached skill level 5 in Stealth
   145 | D:1      | Reached XP level 2. HP: 12/15 MP: 3/3
   415 | D:1      | Reached XP level 3. HP: 15/18 MP: 4/4
   826 | D:2      | Noticed Terence
   844 | D:2      | Killed Terence
   844 | D:2      | Reached skill level 6 in Stealth
   844 | D:2      | Reached XP level 4. HP: 1/23 MP: 2/5
   845 | D:2      | HP: 1/23 [quokka (1)]
   985 | D:2      | Noticed Robin
  1093 | D:2      | Killed Robin
  1251 | D:2      | Found a glowing golden altar of the Shining One.
  1346 | D:2      | Noticed Ijyb
  1347 | D:2      | Found an oddly glowing altar of Pakellas.
  1350 | D:2      | Killed Ijyb
  1350 | D:2      | Reached XP level 5. HP: 26/26 MP: 6/6
  1355 | D:2      | Became a worshipper of Pakellas the Inventive
  1641 | D:3      | Found a bloodstained altar of Trog.
  1841 | D:3      | Reached * piety under Pakellas
  1857 | D:3      | Reached skill level 7 in Stealth
  2197 | D:3      | Gained mutation: You heal very quickly. [Vine Stalker growth]
  2197 | D:3      | Reached XP level 6. HP: 27/30 MP: 7/7
  2229 | D:3      | Found a sparkling altar of Nemelex Xobeh.
  2479 | D:4      | Noticed a troll
  2486 | D:4      | Killed a troll
  2486 | D:4      | Reached skill level 5 in Short Blades
  2486 | D:4      | Reached skill level 8 in Stealth
  2486 | D:4      | Reached XP level 7. HP: 34/34 MP: 8/8
  2503 | D:4      | Found a staircase to the Ecumenical Temple.
  2735 | D:4      | Reached skill level 9 in Stealth
  2866 | D:4      | Found Cunomn's Antique Armour Shop.
  2869 | D:4      | Bought a pair of runed boots for 94 gold pieces
  2984 | D:4      | Found a shattered altar of Ashenzari.
  3073 | D:4      | Found a basalt altar of Yredelemnul.
  3073 | D:4      | Found a deep blue altar of Sif Muna.
  3199 | D:5      | Entered Level 5 of the Dungeon
  3215 | D:5      | Gained mutation: You have razor-sharp teeth. [Vine Stalker growth]
  3215 | D:5      | Reached XP level 8. HP: 38/38 MP: 8/9
  3225 | D:5      | Reached ** piety under Pakellas
  3225 | D:5      | Received a gift from Pakellas
  3338 | D:5      | Reached skill level 1 in Evocations
  3462 | D:5      | Gained mutation: You are frail (-10% HP). [mutagenic meat]
  3463 | D:5      | Gained mutation: Your skin changes colour to match your surroundings (Stealth). [mutagenic meat]
  3496 | D:4      | Gained mutation: Your muscles are strong. (Str +2) [mutagenic meat]
  3497 | D:4      | Gained mutation: You have large cloven feet. [mutagenic meat]
  3634 | D:5      | Reached skill level 10 in Stealth
  3681 | D:5      | Got a fine silver ring
  3912 | D:6      | Found a shimmering altar of Xom.
  3968 | D:5      | Identified the ring of Hiaqam {*Corrode +Fly rPois Str+8 Slay+6} (You found it on level 5 of the Dungeon)
  4060 | D:6      | Reached *** piety under Pakellas
  4073 | D:6      | Found a shadowy altar of Dithmenos.
  4086 | D:6      | Reached XP level 9. HP: 37/37 MP: 12/12
  4233 | D:6      | Found Ahalytsot's Gadget Emporium.
  4303 | D:6      | Reached skill level 11 in Stealth
  4729 | D:6      | Reached skill level 5 in Evocations
  4730 | D:6      | Reached **** piety under Pakellas
  4730 | D:6      | Received a gift from Pakellas
  4971 | D:6      | Reached skill level 12 in Stealth
  5071 | D:6      | Reached XP level 10. HP: 38/41 MP: 15/15
  5298 | D:6      | Reached ***** piety under Pakellas
  5677 | D:7      | Noticed an oklob plant
  5754 | D:7      | Found a sacrificial altar of Ru.
  6108 | D:7      | Got a slimy mace {flame}
  6109 | D:7      | Identified the cursed +1 mace of Growth {flame, *Corrode rPois rC+++ Stlth+} (You took it off an orc on level 7 of the Dungeon)
  6466 | D:8      | Found a staircase to the Lair.
  6585 | D:8      | Reached ****** piety under Pakellas
  6766 | D:8      | Found Ulaek's Food Emporium.
  6786 | D:8      | Found an ancient bone altar of Kikubaaqudgha.
  7040 | D:8      | Reached skill level 13 in Stealth
  7313 | D:7      | Identified a +10 lightning rod (18/18) (supercharged by Pakellas)
  7447 | Lair:1   | Entered Level 1 of the Lair of Beasts
  7475 | Lair:1   | Reached XP level 11. HP: 30/45 MP: 13/17
  7587 | Lair:1   | Noticed a queen ant
  7590 | Lair:1   | Killed a queen ant
  7846 | Lair:1   | Reached skill level 10 in Short Blades
  7846 | Lair:1   | Reached skill level 14 in Stealth
  7858 | Lair:1   | Noticed a seven-headed hydra
  7867 | Lair:1   | Killed a seven-headed hydra
  8170 | Lair:1   | Upgraded the game from 0.18-a0-1390-gc02854d to 0.18-a0-1405-g73f4075
  8227 | Lair:2   | Noticed Mygna's ghost (journeyman DsGl)
  8235 | Lair:2   | Killed Mygna's ghost
  8571 | Lair:2   | Received a gift from Pakellas
  8587 | Lair:2   | Gained mutation: You regenerate. [Vine Stalker growth]
  8587 | Lair:2   | Reached XP level 12. HP: 45/48 MP: 19/19
  8599 | Lair:2   | Reached skill level 15 in Stealth
  9046 | Lair:3   | Found a labyrinth entrance.
  9051 | Lab      | Entered a labyrinth
  9249 | Lab      | Noticed a minotaur
  9253 | Lab      | Killed a minotaur
  9259 | Lab      | Got a bone glaive {freeze}
  9261 | Lab      | Identified Kikubaaqudgha's Compendium of Dark Magic
  9275 | Lair:3   | Identified the +7 glaive of Uruf Lodu {freeze, rPois Int+3} (You took it off a minotaur in a labyrinth)
  9768 | Lair:3   | Reached skill level 10 in Evocations
  9867 | Lair:3   | Found a staircase to the Swamp.
 10424 | Lair:4   | Noticed Josephine
 10434 | Lair:4   | Killed Josephine
 10570 | Lair:4   | Noticed a seven-headed hydra
 10587 | Lair:4   | Killed a seven-headed hydra
 10755 | Lair:4   | Reached XP level 13. HP: 39/52 MP: 17/22
 11062 | Lair:5   | Noticed Nessos
 11064 | Lair:5   | Killed Nessos
 11135 | Lair:5   | Found a staircase to the Snake Pit.
 12908 | Lair:6   | Noticed Snorg
 12920 | Lair:6   | Slain by Snorg

Vault maps used:
D:1:      onia_arrival_handbag, nrook_uturn, kennysheep_boxes
D:2:      nicolae_tso_carved_into_rock, lemuel_round_altar, uniq_robin,
          uniq_iyjb, uniq_terence
D:3:      lemuel_coloured_pillars_altar, lemuel_round_altar
D:4:      kennysheep_mini_moat, gammafunk_temple_overflow_pools,
          minmay_temple_entry_trees, first_bread, serial_shops,
          nicolae_shop_behind_doors
D:6:      lemuel_castle_with_subvaults, xom_butterflies,
          grunt_dithmenos_smoke_and_mirrors, serial_shops,
          nicolae_shop_statue_plus, minmay_ruffians
D:7:      lemuel_slime, lemuel_doored_altar
D:8:      corexii_shack_village, due_lair_maze_entry_diamond, basic_altar,
          serial_shops, nicolae_shop_crystal, hangedman_little_slice_of_home,
          grunt_decor_one_mirror
Lair:1:   wad_woods_antlair
Lair:2:   infiniplex_staircase_pool_2
Lair:3:   nicolae_swamp_entry_splash_gauntlet, lab_entry_generic
Lair:4:   uniq_josephine
Lair:5:   minmay_snake_entry_guardpost_small, uniq_nessos
Lair:6:   nicolae_quartered_pool_super, uniq_snorg
Lab:      labyrinth_mini_lab, nicolae_lab_do_over, labyrinth_fake_exit,
          lab_fountain

Skill      XL: |  1  2  3  4  5  6  7  8  9 10 11 12 13 |
---------------+----------------------------------------+-----
Short Blades   | 2 3 4 5 7 8 9 10 12 13 | 13.1
Stealth        | 5 6 7 8 9 10 12 13 14 15 | 15.0
Evocations     | 3 5 7 9 11 | 11.9
Fighting       | |  1.7
Throwing       | |  1.7
Dodging        | |  0.7

Action                   |  1- 3 |  4- 6 |  7- 9 | 10-12 | 13-15 || total
-------------------------+-------+-------+-------+-------+-------++-------
Melee: Dagger            |    75 |   129 |   290 |   464 |   127 ||  1085
       Rod               |       |       |     3 |       |       ||     3
       Mace              |       |       |       |     1 |       ||     1
 Fire: Blowgun           |       |     9 |     8 |     4 |       ||    21
Invok: Supercharge       |       |       |       |     1 |       ||     1
Evoke: Wand              |       |       |    10 |     1 |       ||    11
       Rod               |       |       |     8 |    41 |    12 ||    61
  Use: Scroll            |       |     6 |     7 |    13 |       ||    26
       Potion            |       |       |       |     1 |       ||     1
 Stab: Sleeping          |     5 |    15 |    19 |    63 |    10 ||   112
       Distracted        |       |     2 |     1 |       |     3 ||     6
  Eat: Chunk             |       |     5 |    15 |    10 |     6 ||    36
       Beef jerky        |       |       |       |     3 |       ||     3
       Pizza             |       |       |       |     1 |       ||     1
       Fruit             |       |       |       |     3 |       ||     3
